 Dungeon Crawl Stone Soup version 0.26.1-2-gb8aa6d0cf2 (webtiles) character file.

Game seed: 3503572109190448808

137835 Xeniu the Nimble (level 16, -26/111 HPs)
             Began as a Vampire Ice Elementalist on Feb 25, 2021.
             Was a High Priest of Sif Muna.
             Killed from afar by a will-o-the-wisp (33 damage)
             ... with a foxfire
             ... on level 3 of the Swamp on Feb 26, 2021.
             The game lasted 06:00:57 (38736 turns).

Xeniu the Nimble (Vampire Ice Elementalist)        Turns: 38736, Time: 06:00:58

Health: -26/111    AC: 17    Str: 10    XL:     16   Next: 69%
Magic:  21/27      EV: 20    Int: 22    God:    Sif Muna [*****.]
Gold:   2865       SH:  8    Dex: 14    Spells: 0/30 levels left

rFire    x x .     SeeInvis +   L - staff of cold
rCold    + + +     Faith    .   h - +3 buckler
rNeg     . . .     Spirit   .   N - +3 troll leather armour
rPois    .         Reflect  .   m - +2 helmet
rElec    .         Harm     .   l - +2 cloak {rC+}
rCorr    .         Rampage  .   o - +0 pair of gloves
Will     +....                  X - +0 pair of boots
Stlth    +++++.....             i - amulet of the acrobat
HPRegen  0.88/turn              F - ring of ice
MPRegen  0.20/turn              x - ring of ice

@: no potions, regenerating quickly
A: claws 1, fangs 3, see invisible, clumsy 1, cold resistance 1, strong 1,
unbreathing
a: Exsanguinate, Renounce Religion, Channel Magic, Forget Spell, Divine Exegesis


You were on level 3 of the Swamp.
You worshipped Sif Muna.
Sif Muna was extremely pleased with you.
You visited 5 branches of the dungeon, and saw 27 of its levels.
You also visited: Gauntlet and Ice Cave.

You collected 3409 gold pieces.
You spent 544 gold pieces at shops.

Inventory:

Hand Weapons
 e - a +6 dagger of venom
Armour
 h - a +3 buckler (worn)
 l - a +2 cloak of cold resistance (worn)
 m - a +2 helmet (worn)
 o - a +0 pair of gloves (worn)
 N - a +3 troll leather armour (worn)
 O - a scarf of invisibility
 X - a +0 pair of boots (worn)
Magical Staves
 L - an uncursed staff of cold (weapon)
 U - an uncursed staff of air
Jewellery
 f - a +6 ring of strength
 g - a +6 ring of dexterity
 i - an amulet of the acrobat (around neck)
 q - the ring of the Slug {Wiz rF+ rN+}
   (You found it in a Gauntlet)

   [ring of wizardry]

   It improves your spell success rate.
   It protects you from fire.
   It protects you from negative energy.
 u - an uncursed ring of positive energy
 v - an uncursed ring of poison resistance
 x - a ring of ice (right hand)
 D - an uncursed ring of fire
 F - a ring of ice (left hand)
 M - a +4 ring of evasion
 R - an uncursed amulet of regeneration
 Y - an uncursed ring of fire
Wands
 p - a wand of random effects (104)
 s - a wand of paralysis (25)
 B - a wand of flame (76)
 E - a wand of polymorph (22)
 G - a wand of enslavement (4)
 P - a wand of digging (12)
 S - a wand of disintegration (12)
 T - a wand of iceblast (23)
 W - a wand of acid (17)
Scrolls
 b - 14 scrolls of remove curse
 c - 14 scrolls of identify
 j - 5 scrolls of amnesia
 k - a scroll of blinking
 n - 11 scrolls of teleportation
 y - 3 scrolls of fog
 C - 3 scrolls of fear
 I - a scroll of summoning
 V - 4 scrolls of magic mapping
Potions
 a - 6 potions of curing
 r - 3 potions of might
 t - 2 potions of cancellation
 w - a potion of flight
 z - 3 potions of haste
 A - a potion of heal wounds
 H - a potion of brilliance
 J - a potion of invisibility
Miscellaneous
 d - a lightning rod (4/4)
 Z - a phial of floods


   Skills:
 + Level 6.0 Fighting
 - Level 8.0 Short Blades
 - Level 0.1 Staves
 + Level 5.9 Armour
 + Level 13.7 Dodging
 - Level 11.7 Stealth
 - Level 4.0 Shields
 - Level 1.3 Unarmed Combat
 - Level 7.8 Spellcasting
 + Level 9.8 Conjurations
 + Level 8.7 Fire Magic
 - Level 13.6 Ice Magic
 * Level 8.3 Air Magic
 + Level 2.6 Evocations


You couldn't memorise any spells.
You knew the following spells:

 Your Spells              Type           Power        Failure   Level
a - Freezing Cloud        Conj/Ice/Air   56%          19%         6
b - Frozen Ramparts       Ice            100%         1%          3
c - Hailstorm             Conj/Ice       100%         1%          4
d - Fireball              Conj/Fire      24%          6%          5
e - Searing Ray           Conj           100%         1%          2
f - Sticky Flame          Conj/Fire      49%          1%          4
g - Ozocubu's Refrigerat  Ice            62%          5%          6

Your spell library contained the following spells:

 Spells                   Type           Power        Failure   Level
 Foxfire                  Conj/Fire      100%         1%          1
 Freeze                   Ice            100%         1%          1
 Magic Dart               Conj           100%         1%          1
 Shock                    Conj/Air       100%         1%          1
 Ensorcelled Hibernation  Hex/Ice        100%         1%          2
 Swiftness                Air            45%          1%          2
 Conjure Flame            Conj/Fire      49%          1%          3
 Ozocubu's Armour         Ice            100%         1%          3
 Static Discharge         Conj/Air       48%          1%          3
 Corpse Rot               Necr/Air       N/A          2%          2
 Poisonous Vapours        Pois/Air       54%          2%          2
 Mephitic Cloud           Conj/Pois/Air  35%          2%          3
 Dazzling Flash           Conj/Hex       60%          3%          3
 Stone Arrow              Conj/Erth      60%          3%          3
 Airstrike                Air            22%          3%          4
 Inner Flame              Hex/Fire       27%          4%          3
 Iskenderun's Battlesphe  Conj           51%          4%          5
 Ice Form                 Ice/Tmut       92%          6%          4
 Summon Ice Beast         Ice/Summ       92%          6%          4
 Lightning Bolt           Conj/Air       24%          6%          5
 Ignite Poison            Fire/Tmut/Pois 21%          9%          3
 Apportation              Tloc           16%          10%         1
 Beastly Appendage        Tmut           16%          10%         1
 Sting                    Tmut/Pois      32%          10%         1
 Fulminant Prism          Conj/Hex       15%          13%         4
 Iskenderun's Mystic Bla  Conj/Tloc      30%          13%         4
 Passwall                 Tmut/Erth      6%           14%         2
 Wereblood                Tmut           8%           14%         2
 Metabolic Englaciation   Hex/Ice        46%          16%         5
 Summon Lightning Spire   Summ/Air       27%          17%         4
 Bolt of Magma            Conj/Fire/Erth 18%          21%         5
 Confusing Touch          Hex            8%           28%         3
 Gell's Gravitas          Tloc           4%           28%         3
 Lesser Beckoning         Tloc           4%           28%         3
 Spider Form              Tmut/Pois      4%           28%         3
 Tukima's Dance           Hex            8%           28%         3
 Starburst                Conj/Fire      24%          32%         6
 Conjure Ball Lightning   Conj/Air       24%          34%         6
 Silence                  Hex/Air        13%          43%         5
 Simulacrum               Ice/Necr       46%          65%         6
 Cause Fear               Hex            4%           67%         4
 Olgreb's Toxic Radiance  Pois           8%           67%         4
 Passage of Golubria      Tloc           N/A          67%         4
 Petrify                  Tmut/Erth      8%           67%         4
 Orb of Destruction       Conj           25%          80%         7
 Iron Shot                Conj/Erth      15%          89%         6
 Alistair's Intoxication  Tmut/Pois      5%           95%         5
 Blade Hands              Tmut           4%           95%         5
 Borgnjor's Vile Clutch   Necr/Erth      4%           95%         5
 Lee's Rapid Deconstruct  Erth           4%           95%         5
 Summon Demon             Summ           4%           95%         5
 Summon Forest            Summ/Tloc      4%           95%         5
 Summon Mana Viper        Hex/Summ       8%           95%         5
 Yara's Violent Unravell  Hex/Tmut       4%           95%         5
 Dispersal                Tloc           4%           100%        6
 Eringya's Noxious Bog    Tmut/Pois      4%           100%        6
 Hydra Form               Tmut           4%           100%        6
 Invisibility             Hex            8%           100%        6
 Shadow Creatures         Summ           N/A          100%        6
 Statue Form              Tmut/Erth      5%           100%        6
 Dragon Form              Tmut           4%           100%        7
 Malign Gateway           Summ/Tloc      4%           100%        7
 Spellforged Servitor     Conj/Summ      15%          100%        7
 Summon Hydra             Summ           4%           100%        7
 Chain Lightning          Conj/Air       24%          100%        8
 Discord                  Hex            4%           100%        8
 Disjunction              Tloc           4%           100%        8
 Absolute Zero            Ice            62%          100%        9
 Fire Storm               Conj/Fire      24%          100%        9
 Shatter                  Erth           4%           100%        9
 Tornado                  Air            22%          100%        9


Dungeon Overview and Level Annotations

Branches:
Dungeon (15/15)            Temple (1/1) D:6            Lair (6/6) D:11
  Swamp (3/4) Lair:4        Snake (0/4) Lair:4        Slime (0/5) Lair:6
    Orc (2/2) D:9             Elf (0/3) Orc:2        Vaults (0/5) D:13
 Depths (0/5) D:15          IceCv (visited)         Gauntlet (visited)

Altars:
Ashenzari
Cheibriados
Dithmenos
Elyvilon
Fedhas
Gozag
Hepliaklqana
Kikubaaqudgha
Makhleb
Nemelex Xobeh
Okawaru
Qazlal
Ru
Sif Muna
Trog
Uskayaw
Vehumet
Wu Jian
Xom
Yredelemnul
Zin
The Shining One
Beogh
Jiyva

Shops:
D:11 [   Orc:1 [   Orc:2 ?:(:

Annotations:
Lair:6 1 runed translucent door


Innate Abilities, Weirdness & Mutations

Your natural rate of healing is unusually fast.
You have razor-sharp teeth.
You have supernaturally acute eyesight. (SInv)
You can survive without breathing.
You have sharp fingernails.
You are clumsy. (Dex -2)
Your flesh is cold resistant. (rC+)
Your muscles are strong. (Str +2)


Message History

The foxfire hits you!! The fire burns you terribly! The foxfire hits you!!!
The fire burns you terribly!
A swamp worm comes into view.
The spriggan rider hits you from afar with a +0 spear!!
* * * LOW HITPOINT WARNING * * *
The will-o-the-wisp gestures.
The will-o-the-wisp conjures some foxfire!
The spriggan rider barely misses you. 2 foxfires come into view.
Blink to where?
Press: ? - help, Dir - move target
As you read the scroll of blinking, it crumbles to dust.
A swamp worm comes into view.
The foxfire hits you! The fire burns you terribly!
* * * LOW HITPOINT WARNING * * *
A vampire mosquito comes into view.
Found 27 gold pieces.
Found a stone staircase leading down.
You can't go down here!
The foxfire hits you!! The fire burns you terribly!
You die...

≈≈≈≈≈≈.♣♣ ♣♣
≈≈≈≈≈.≈.♣♣♣♣.
≈≈≈≈≈≈≈≈≈.♣$≈≈≈≈≈≈
≈§≈≈.≈≈≈≈.. .≈≈≈≈≈
y..w.≈≈≈≈§ ♣≈≈≈≈§.
♣...≈≈≈.♣ ≈≈≈≈≈≈≈
♣......≈♣≈.†≈≈≈≈≈
♣≈..@..♣.≈≈≈≈≈≈
♣♣..§v.♣.≈≈≈≈≈≈
♣≈...§§vi.≈≈≈.≈
♣.≈≈§≈≈§.†.≈≈.♣.
≈>≈≈§≈≈.$..§♣.♣♣
♣♣.≈≈≈≈≈≈§..♣i♣♣
♣.≈≈.≈≈≈≈.♣≈≈w♣
♣.≈......♣≈≈≈i≈♣
[≈§†... ≈≈≈ ≈♣


You could see 2 spriggan riders, a will-o-the-wisp, 2 swamp worms and a vampire
mosquito.

Vanquished Creatures
  Kirke (Swamp:2)
  A thorn hunter (Swamp:1)
  3 orc warlords
  Louise (Swamp:2)
  2 bunyips
  A minotaur (Gauntlet)
  Erolcha (Orc:1)
  Josephine (D:10)
  A shambling mangrove (Swamp:2)
  6 hydras
  Fannar (D:10)
  A ghost crab (Swamp:3)
  3 boulder beetles
  A death knight (D:14)
  7 two-headed ogres
  A centaur warrior (D:13)
  The ghost of Marvel the Thaumaturge, a journeyman SpEn of Okawaru (D:12)
  3 alligators
  5 death yaks (Lair:5)
  9 orc high priests (Orc:2)
  8 spriggans
  2 spriggan druids
  A goliath frog (Swamp:1)
  A death drake (shapeshifter) (Gauntlet)
  3 unseen horrors
  A deep troll (shapeshifter) (D:13)
  2 swamp dragons (Swamp:2)
  2 necromancers
  A deep elf archer (Orc:2)
  A wizard (D:15)
  A salamander (shapeshifter) (D:13)
  8 ugly things
  4 orc knights
  2 wolf spiders (Lair:6)
  5 deep elf magi
  A manticore (D:15)
  2 orc sorcerers
  An oklob plant (Lair:6)
  4 cyclopes
  8 black mambas
  Maurice (Orc:1)
  Joseph (Lair:1)
  A moth of wrath (Gauntlet)
  11 elephants
  An ice statue (IceCv)
  A guardian serpent (Lair:6)
  A torpor snail (shapeshifter) (D:13)
  2 torpor snails
  13 cane toads
  Maggie (D:9)
  17 komodo dragons
  A gargoyle (D:11)
  A rime drake (Lair:6)
  A yaktaur (D:14)
  9 freezing wraiths (IceCv)
  A kobold demonologist (D:12)
  A tengu conjurer (D:14)
  6 trolls
  16 polar bears
  3 meliai (D:15)
  11 hornets
  6 tyrant leeches
  A wolf spider simulacrum (IceCv)
  4 raiju (Lair:6)
  14 blink frogs
  8 dream sheep
  4 vampires
  A shadow (D:14)
  8 wraiths
  10 wyverns
  3 redbacks (Lair:6)
  94 yaks
  4 hogs (Swamp:2)
  2 basilisks (Lair:4)
  2 steam dragons
  A death yak simulacrum (IceCv)
  2 vampire mosquitoes
  A soldier ant (D:15)
  An acid dragon (D:15)
  11 swamp worms
  18 wargs
  3 nagas (Lair:4)
  Duvessa (D:5)
  13 hell hounds (Lair:6)
  29 water moccasins
  A swamp drake (Swamp:1)
  A swamp drake (shapeshifter) (Gauntlet)
  25 orc warriors
  A phantom (D:12)
  6 sky beasts
  13 black bears
  9 ice beasts
  40 wolves
  An alligator simulacrum (IceCv)
  11 ogres
  7 centaurs
  2 big kobolds
  2 gnoll sergeants
  17 bullfrogs
  A wyvern zombie (D:9)
  2 scorpions
  Dowan (D:5)
  23 killer bees
  9 wights
  4 electric eels (D:11)
  8 howler monkeys
  A bullfrog zombie (D:5)
  4 centaur zombies
  7 draconian simulacra (IceCv)
  4 jellies
  10 hounds
  A bullfrog skeleton (D:4)
  41 orc priests
  20 orc wizards
  3 centaur skeletons
  12 hell rats
  6 iguanas
  15 worker ants
  Natasha (D:2)
  4 troll simulacra (IceCv)
  A killer bee zombie (D:9)
  A polar bear simulacrum (IceCv)
  A hound zombie (D:7)
  A worker ant zombie (D:9)
  2 howler monkey zombies (D:6)
  Robin (D:2)
  6 gnolls
  11 adders
  6 naga simulacra (IceCv)
  8 river rats (Lair:2)
  3 ogre simulacra (IceCv)
  A shadow imp (D:7)
  18 white imps
  An ufetubus (D:5)
  An ooze (D:1)
  An adder zombie (D:8)
  3 adder skeletons
  3 worms
  A dart slug (D:1)
  7 leopard geckos
  126 orcs
  2 ball pythons (D:2)
  6 bats
  7 giant cockroaches
  27 goblins
  15 hobgoblins
  5 jackals
  8 quokkas
  7 frilled lizards
  19 kobolds
  A leopard gecko skeleton (D:5)
  22 rats
  2 bushes
1086 creatures vanquished.

Vanquished Creatures (others)
  An unseen horror (D:12)
  A freezing wraith (IceCv)
  A bloated husk (Swamp:2)
  An ice beast (IceCv)
  A centaur (D:14)
  An orc (D:9)
  A bush (Lair:6)
  3 foxfires (Swamp:3)
  75 fungi
  141 plants
  4 toadstools (D:5)
  14 withered plants (D:15)
244 creatures vanquished.

Grand Total: 1330 creatures vanquished

Notes
Turn   | Place    | Note
-------+----------+-------------------------------------------
     0 | D:1      | Xeniu the Vampire Ice Elementalist began the quest for the
                  | Orb.
     0 | D:1      | Reached XP level 1. HP: 13/13 MP: 3/3
   159 | D:1      | Reached XP level 2. HP: 18/19 MP: 5/5
   278 | D:1      | Reached skill level 1 in Unarmed Combat
   460 | D:1      | Reached XP level 3. HP: 22/24 MP: 6/6
   978 | D:2      | Noticed Natasha
   984 | D:2      | Killed Natasha
  1011 | D:2      | Learned a level 3 spell: Frozen Ramparts
  1064 | D:2      | Reached XP level 4. HP: 28/30 MP: 7/7
  1111 | D:2      | Reached skill level 1 in Short Blades
  1878 | D:2      | Noticed Robin
  1890 | D:2      | Killed Robin
  2080 | D:3      | Found an opulent altar of Gozag.
  2086 | D:3      | Reached XP level 5. HP: 33/36 MP: 6/8
  2680 | D:4      | Learned a level 4 spell: Hailstorm
  2754 | D:4      | Found a shimmering blue altar of Sif Muna.
  2757 | D:4      | Became a worshipper of Sif Muna the Loreminder
  2818 | D:4      | Noticed an ogre
  2820 | D:4      | Reached skill level 5 in Ice Magic
  2826 | D:4      | Killed an ogre
  2827 | D:4      | Reached skill level 1 in Fighting
  2827 | D:4      | Reached skill level 1 in Shields
  2827 | D:4      | Reached XP level 6. HP: 13/43 MP: 4/11
  3066 | D:4      | Reached XP level 7. HP: 47/48 MP: 10/12
  3977 | D:5      | Entered Level 5 of the Dungeon
  3977 | D:5      | Noticed Duvessa
  3977 | D:5      | Noticed Dowan
  3978 | D:5      | Killed Dowan
  3979 | D:5      | Reached skill level 5 in Stealth
  3991 | D:5      | Killed Duvessa
  3991 | D:5      | Reached * piety under Sif Muna
  4223 | D:5      | Reached XP level 8. HP: 40/55 MP: 2/14
  5237 | D:6      | Noticed a cyclops
  5242 | D:6      | Killed a cyclops
  5243 | D:6      | Reached skill level 1 in Conjurations
  5243 | D:6      | Reached skill level 1 in Fire Magic
  5280 | D:6      | Reached ** piety under Sif Muna
  5287 | D:6      | Reached skill level 5 in Dodging
  5352 | D:6      | Reached XP level 9. HP: 48/61 MP: 11/15
  5440 | D:6      | Found a staircase to the Ecumenical Temple.
  5571 | Temple   | Entered the Ecumenical Temple
  6352 | D:7      | Reached skill level 5 in Short Blades
  6372 | D:7      | Reached *** piety under Sif Muna
  6880 | D:8      | Noticed a two-headed ogre
  7070 | D:8      | Reached XP level 10. HP: 69/69 MP: 12/16
  7347 | D:8      | Noticed a two-headed ogre
  7364 | D:8      | Killed a two-headed ogre
  7755 | D:9      | Reached skill level 1 in Armour
  7981 | D:9      | Found a roughly hewn altar of Beogh.
  7981 | D:9      | Found a staircase to the Orcish Mines.
  7981 | D:9      | Noticed Maggie
  7986 | D:9      | Reached **** piety under Sif Muna
  8018 | D:9      | Killed Maggie
  8496 | D:9      | Gained mutation: You are weak. (Str -2) [potion of
                  | mutation]
  8496 | D:9      | Gained mutation: You are agile. (Dex +2) [potion of
                  | mutation]
  8678 | D:10     | Entered Level 10 of the Dungeon
  9167 | D:10     | Reached ***** piety under Sif Muna
  9167 | D:10     | Identified Sif Muna's Tome of the Ashen Voyage (Sif Muna
                  | gifted it to you on level 10 of the Dungeon)
  9167 | D:10     | Received a gift from Sif Muna
  9168 | D:10     | Reached XP level 11. HP: 75/75 MP: 13/17
  9209 | D:10     | Noticed Josephine
  9268 | D:10     | Killed Josephine
  9423 | D:10     | Learned a level 5 spell: Fireball
  9543 | D:10     | Noticed Fannar
  9641 | D:10     | Killed Fannar
  9642 | D:10     | Reached skill level 5 in Fire Magic
 10482 | D:11     | Reached skill level 5 in Conjurations
 10584 | D:11     | Noticed a cyan ugly thing
 10606 | D:11     | Killed a cyan ugly thing
 10607 | D:11     | Reached skill level 10 in Ice Magic
 11015 | D:11     | Noticed a seven-headed hydra
 11033 | D:11     | Killed a seven-headed hydra
 11071 | D:11     | Noticed a two-headed ogre
 11087 | D:11     | Killed a two-headed ogre
 11160 | D:11     | Found Etwozes's Specialty Armours.
 11334 | D:12     | Noticed an unseen horror
 11346 | D:12     | Killed an unseen horror
 11347 | D:12     | Found a runed translucent door.
 11347 | D:12     | Noticed Marvel's ghost (journeyman SpEn)
 11352 | D:12     | Noticed an unseen horror
 11373 | D:12     | Killed an unseen horror
 11374 | D:12     | Reached XP level 12. HP: 74/83 MP: 5/18
 11406 | D:12     | Noticed a boulder beetle
 11422 | D:12     | Killed a boulder beetle
 11620 | D:12     | Received a gift from Sif Muna
 11699 | D:12     | Got a jewelled tower shield
 11700 | D:12     | Identified the cursed +0 tower shield "Tom Jahi" {rC++}
                  | (You found it on level 12 of the Dungeon)
 11731 | D:12     | Found a gate leading to a gauntlet.
 11746 | Gauntlet | Entered a Gauntlet
 11746 | Gauntlet | Found a transporter.
 11746 | Gauntlet | Found a transporter.
 11751 | Gauntlet | Found a runed translucent gate.
 11752 | Gauntlet | Found a transporter.
 11752 | Gauntlet | Found a runed translucent gate.
 11754 | Gauntlet | Found a transporter.
 11756 | Gauntlet | Found a runed translucent gate.
 11757 | Gauntlet | Found a transporter.
 11757 | Gauntlet | Found a transporter.
 11796 | Gauntlet | Found a transporter.
 11798 | Gauntlet | Found a transporter.
 11799 | Gauntlet | Found a transporter.
 11800 | Gauntlet | Noticed a dire elephant
 11811 | Gauntlet | Found a transporter.
 11827 | Gauntlet | Found a transporter.
 11837 | Gauntlet | Found a transporter.
 11851 | Gauntlet | Found a transporter.
 11871 | Gauntlet | Found a transporter.
 11943 | Gauntlet | Got an ancient amber ring
 11944 | Gauntlet | Identified the ring of the Slug {Wiz rF+ rN+} (You found it
                  | in a Gauntlet)
 11962 | Gauntlet | Learned a level 2 spell: Searing Ray
 12210 | Gauntlet | Noticed a minotaur
 12369 | Gauntlet | Killed a minotaur
 12496 | D:12     | Killed Marvel's ghost
 12704 | D:12     | Noticed a two-headed ogre
 12712 | D:12     | Killed a two-headed ogre
 13315 | D:13     | Found a gate to the Vaults.
 13482 | D:13     | Noticed a two-headed ogre
 13485 | D:13     | Reached XP level 13. HP: 89/89 MP: 19/19
 13587 | D:13     | Reached skill level 10 in Stealth
 14016 | D:14     | Identified Tiss's Catalogue of Attacks (Sif Muna gifted it
                  | to you on level 14 of the Dungeon)
 14016 | D:14     | Received a gift from Sif Muna
 14940 | D:14     | Reached skill level 10 in Dodging
 15192 | D:15     | Entered Level 15 of the Dungeon
 15731 | D:15     | Found a staircase to the Depths.
 16125 | Orc:1    | Entered Level 1 of the Orcish Mines
 16125 | Orc:1    | Found Typta's Antique Armour Shop.
 16132 | Orc:1    | Noticed Erolcha
 16150 | Orc:1    | Noticed an orc warlord
 16691 | D:9      | Killed an orc warlord
 17347 | D:9      | Identified Sif Muna's Papyrus of Dislocation and Earth (Sif
                  | Muna gifted it to you on level 9 of the Dungeon)
 17347 | D:9      | Received a gift from Sif Muna
 17402 | Orc:1    | Killed Erolcha
 17403 | Orc:1    | Reached XP level 14. HP: 80/91 MP: 13/20
 17795 | Orc:2    | Entered Level 2 of the Orcish Mines
 17795 | Orc:2    | Found a staircase to the Elven Halls.
 17890 | Orc:2    | Reached skill level 1 in Evocations
 18413 | Orc:2    | Found Hohi's Magic Scroll Boutique.
 18413 | Orc:2    | Found Reikh's Book Emporium.
 18490 | Orc:2    | Found a roughly hewn altar of Beogh.
 18658 | Orc:2    | Found Duicsi's Antique Weapon Boutique.
 18658 | Orc:2    | Found Ynemae Nowu's Book Emporium.
 18686 | Orc:2    | Identified Sif Muna's Tome of the Glacier and Changing (Sif
                  | Muna gifted it to you on level 2 of the Orcish Mines)
 18686 | Orc:2    | Received a gift from Sif Muna
 18696 | Orc:2    | HP: 2/96 [orc high priest/divine providence (12)]
 18750 | Orc:2    | Reached skill level 1 in Air Magic
 18912 | Orc:2    | Identified the +8 chain mail of Demonic Lucidity {rF+ Int+3
                  | Dex+4}
 19141 | Orc:2    | Noticed an orc warlord
 19164 | Orc:2    | Killed an orc warlord
 19258 | Orc:2    | Noticed an orc warlord
 19668 | Orc:2    | Killed an orc warlord
 19669 | Orc:2    | Reached skill level 5 in Spellcasting
 19912 | Orc:2    | Bought a scroll of fear for 45 gold pieces
 19912 | Orc:2    | Bought a scroll of teleportation for 39 gold pieces
 19912 | Orc:2    | Bought a scroll of magic mapping for 45 gold pieces
 19912 | Orc:2    | Bought a scroll of summoning for 123 gold pieces
 19912 | Orc:2    | Bought a scroll of teleportation for 39 gold pieces
 19912 | Orc:2    | Bought a scroll of magic mapping for 45 gold pieces
 19912 | Orc:2    | Bought 2 scrolls of fear for 91 gold pieces
 19912 | Orc:2    | Bought 3 scrolls of teleportation for 117 gold pieces
 20476 | Orc:1    | Noticed Maurice
 20492 | Orc:1    | Killed Maurice
 21312 | D:11     | Found a staircase to the Lair.
 21692 | Lair:1   | Entered Level 1 of the Lair of Beasts
 21872 | Lair:1   | Noticed Joseph
 22217 | Lair:1   | Killed Joseph
 22217 | Lair:1   | Identified Sif Muna's Incunabulum of Arcane Weapons (Sif
                  | Muna gifted it to you on level 1 of the Lair of Beasts)
 22217 | Lair:1   | Received a gift from Sif Muna
 22258 | Lair:1   | Found a radiant altar of Vehumet.
 22976 | Lair:2   | Found a frozen archway.
 23027 | IceCv    | Entered an ice cave
 23428 | IceCv    | Found an ancient bone altar of Kikubaaqudgha.
 23562 | IceCv    | Learned a level 4 spell: Sticky Flame
 24105 | IceCv    | Learned a level 3 spell: Conjure Flame
 25532 | IceCv    | Reached XP level 15. HP: 81/81 MP: 2/24
 25974 | Lair:2   | Learned a level 6 spell: Ozocubu's Refrigeration
 26732 | Lair:2   | Identified Sif Muna's Tome of the Entourage and Attacks
                  | (Sif Muna gifted it to you on level 2 of the Lair of
                  | Beasts)
 26732 | Lair:2   | Received a gift from Sif Muna
 28191 | Lair:4   | Found a staircase to the Swamp.
 28998 | Lair:4   | Found a staircase to the Snake Pit.
 30133 | Lair:5   | Identified Vyps's Handbook of Frigorific Feathers (Sif Muna
                  | gifted it to you on level 5 of the Lair of Beasts)
 30133 | Lair:5   | Received a gift from Sif Muna
 30134 | Lair:5   | Reached skill level 5 in Fighting
 30393 | Lair:5   | Reached skill level 5 in Air Magic
 31173 | Lair:6   | Entered Level 6 of the Lair of Beasts
 31238 | Lair:6   | Found a runed translucent door.
 31239 | Lair:6   | Found a viscous altar of Jiyva.
 31239 | Lair:6   | Noticed an acid blob
 31244 | Lair:6   | Found a staircase to the Slime Pits.
 32311 | Lair:6   | Identified Sif Muna's Collected Works on Ensnaring Flight
                  | (Sif Muna gifted it to you on level 6 of the Lair of
                  | Beasts)
 32311 | Lair:6   | Received a gift from Sif Muna
 32756 | Lair:6   | Reached XP level 16. HP: 110/110 MP: 7/27
 34341 | Lair:6   | Identified Sif Muna's Compendium of the Excruciating
                  | Frostbite (Sif Muna gifted it to you on level 6 of the Lair
                  | of Beasts)
 34341 | Lair:6   | Received a gift from Sif Muna
 34706 | Lair:6   | Reached skill level 5 in Armour
 35784 | Lair:6   | Learned a level 6 spell: Freezing Cloud
 35941 | Swamp:1  | Entered Level 1 of the Swamp
 35943 | Swamp:1  | Noticed a thorn hunter
 35986 | Swamp:1  | You fall into a shaft and drop 1 floor!
 35986 | Swamp:2  | Noticed Kirke
 35989 | Swamp:2  | Killed Kirke
 36425 | Swamp:2  | Found a basalt altar of Yredelemnul.
 36608 | Swamp:2  | Noticed Louise
 36625 | Swamp:2  | Lost mutation: You are weak. (Str -2) [potion of mutation]
 36625 | Swamp:2  | Lost mutation: You are agile. (Dex +2) [potion of mutation]
 36625 | Swamp:2  | Gained mutation: You are clumsy. (Dex -2) [potion of
                  | mutation]
 36625 | Swamp:2  | Gained mutation: Your muscles are strong. (Str +2) [potion
                  | of mutation]
 36625 | Swamp:2  | Gained mutation: Your flesh is cold resistant. (rC+)
                  | [potion of mutation]
 36625 | Swamp:2  | Gained mutation: You have sharp fingernails. [potion of
                  | mutation]
 36725 | Swamp:2  | Killed Louise
 37821 | Swamp:1  | Killed a thorn hunter
 38367 | Swamp:1  | Received a gift from Sif Muna
 38736 | Swamp:3  | Killed from afar by a will-o-the-wisp

Illustrated notes

Levels and vault maps discovered:
D:1:      heliophobic_arrival_henge, layout_basic
D:2:      layout_basic, uniq_natasha, uniq_robin
D:3:      layout_rooms, grunt_gozag_breadcrumbs
D:4:      wad_woods_pond, layout_loops_ring, kennysheep_mini,
          minmay_ogre_servants
D:5:      layout_loops_ring, minmay_misc_feat_plants,
          chequers_serial_rivers_micro_e, grunt_ministairs_3,
          minmay_gold_behind_fungi, uniq_duvessa
D:6:      layout_cave_pools, minmay_temple_entry_waves
D:7:      layout_rooms
D:8:      layout_cave_pods, minmay_unpleasant_kobolds
D:9:      layout_rooms, david_orc_5, mrwooster_statue_mirror, uniq_maggie
D:10:     layout_stronghold, uniq_josephine, uniq_fannar
D:11:     layout_gridville, erik_lair_island, nicolae_barding_shop
D:12:     layout_small_grid, gauntlet_entry_generic,
          hellmonk_ghost_happy_afterlife
D:13:     layout_loops_ring, david_vaults_2
D:14:     layout_loops_cross
D:15:     gammafunk_depths_entry_grave, layout_basic, serial_glass,
          glass_columns_b, glass_columns_c, hangedman_decor_slide_cut
Temple:   kilobyte_greek_temple
Lair:1:   layout_small_grid, basic_altar, uniq_joseph
Lair:2:   lemuel_ratsnest, layout_regular_city, portal_ice_cave_entry_pillars_1,
          nicolae_lair_grove_arrangements
Lair:3:   layout_cave_shapes, lemuel_fruit_tree
Lair:4:   layout_gridlike, minmay_swamp_entry_worms,
          guppyfry_snake_entry_garden, beast_lair_carwin_7
Lair:5:   layout_small_grid, minivault_19, beast_lair_carwin_10
Lair:6:   hangedman_lair_caniforms_friends, layout_gridlike,
          hangedman_lair_tendril_chambers, slime_altar_2
Swamp:1:  layout_basic_swamp, evilmike_swamp_ruin_house_5, swamp_pool3
Swamp:2:  layout_basic_swamp, basic_altar, swamp_pool3, uniq_louise, uniq_kirke
Swamp:3:  layout_basic_swamp, evilmike_swamp_ruin_rubble_2, swamp_pool2,
          nicolae_swamp_alligator_family
Orc:1:    layout_caves, serial_shops, nicolae_shop_statue_plus, uniq_erolcha,
          uniq_maurice
Orc:2:    st_orc_town, layout_caves, elf_legates

Skill      XL: |  1  2  3  4  5  6  7  8  9 10 11 12 13 14 15 16 |
---------------+-------------------------------------------------+-----
Unarmed Combat | 1 |  1.3
Short Blades   | 1 2 3 4 5 6 7 8 |  8.0
Stealth        | 4 5 6 7 9 11 | 11.7
Dodging        | 3 4 5 6 8 9 10 11 12 13 | 13.7
Spellcasting   | 3 4 6 7 |  7.8
Ice Magic      | 5 6 7 8 9 10 11 12 13 | 13.6
Fighting       | 1 2 3 4 5 6 |  6.0
Shields        | 1 2 3 4 |  4.0
Conjurations   | 1 3 4 5 6 7 8 9 |  9.8
Fire Magic     | 1 3 4 5 6 7 8 |  8.7
Armour         | 2 3 4 5 |  5.9
Evocations     | 2 |  2.6
Air Magic      | 3 6 8 |  8.3
Staves         | |  0.1

Action                   |  1- 3 |  4- 6 |  7- 9 | 10-12 | 13-15 | 16-18 || total
-------------------------+-------+-------+-------+-------+-------+-------++-------
Melee: Dagger            |    73 |   144 |   251 |   308 |   240 |       ||  1016
       Unarmed           |     1 |       |       |       |    10 |       ||    11
       Bite              |     6 |    19 |    38 |    61 |    53 |     4 ||   181
       Short sword       |       |       |       |   102 |       |       ||   102
       Staff             |       |       |       |    15 |   135 |    27 ||   177
 Cast: Freeze            |    12 |    24 |    20 |    24 |    49 |     2 ||   131
       Frozen Ramparts   |       |     6 |    39 |    74 |   179 |       ||   298
       Hailstorm         |       |       |       |    19 |     8 |     1 ||    28
       Searing Ray       |       |       |       |     5 |   126 |    60 ||   191
       Fireball          |       |       |       |       |    20 |     3 ||    23
       Sticky Flame      |       |       |       |       |    33 |     4 ||    37
       Conjure Flame     |       |       |       |       |    10 |       ||    10
       Ozocubu's Refrige |       |       |       |       |    62 |    80 ||   142
       Freezing Cloud    |       |       |       |       |       |     1 ||     1
 Abil: Exsanguinate      |       |       |       |       |     1 |       ||     1
       Revivify          |       |       |       |       |     1 |       ||     1
Evoke: Wand              |       |       |       |    10 |     7 |     3 ||    20
  Use: Potion            |       |     1 |     3 |     7 |     4 |     2 ||    17
       Scroll            |       |       |    21 |    12 |    24 |     7 ||    64
 Stab: Sleeping          |     3 |     5 |     6 |    13 |    26 |       ||    53
       Distracted        |       |       |       |     1 |     3 |       ||     4
Armor: Robe              |    13 |    20 |    45 |       |       |       ||    78
       Leather armour    |       |       |     2 |    28 |       |       ||    30
       Steam dragon scal |       |       |       |    47 |       |       ||    47
       Troll leather arm |       |       |       |    23 |   166 |    34 ||   223
Dodge: Dodged            |    53 |    89 |   273 |   645 |  1647 |   237 ||  2944
Block: Buckler           |    12 |    32 |    99 |   289 |   754 |   106 ||  1292
